Map: [ESL] Post-Youth

Players

goblin

  • Race: Protoss Protoss
  • Spawn Location: 1:00

HeroMarine - Winner!

  • Race: Terran Terran
  • Spawn Location: 7:00

Event: ESL SC2 Masters 2024 Spring (Regional)

VOD

Have the link to the VOD?

Description

Time

  • Played on: April 13, 2024, 10:17 a.m.
  • Length: 11:46

All games in this series

Show
View Real Time Build Order
Export as new Build Order

goblin Protoss 

Build Orders: 1 Gate Expand, Phoenix Opening, Carriers, Colossus Rush 

Get SALT Encoding   

  12  0:00  Probe  
  13  0:12  Probe  
  14  0:17  Pylon  
  14  0:24  Probe (Chrono Boost)  
  15  0:36  Probe (Chrono Boost)  
  15  0:37  Gateway  
  16  0:45  Probe (Chrono Boost)  
  16  0:46  Assimilator  
  17  0:50  Probe  
  18  1:03  Probe  
  19  1:15  Probe  
  20  1:25  Cybernetics Core  
  20  1:35  Nexus  
  20  1:39  Probe  
  21  1:46  Pylon  
  21  1:51  Probe  
  22  1:54  Assimilator  
  22  2:01  Adept (Chrono Boost)  
  22  2:05  Probe  
  24  2:17  Probe  
  24  2:20  Stargate  
  25  2:24  Adept  
  27  2:31  Probe  
  28  2:40  Warp Gate  
  28  2:43  Probe (Chrono Boost)  
  29  2:48  Probe (Chrono Boost)  
  29  2:55  Probe (Chrono Boost)  
  31  2:59  Probe (Chrono Boost)  
  31  3:00  Stalker  
  31  3:02  Probe (Chrono Boost)  
  34  3:06  Phoenix  
  34  3:12  Probe x2  
  38  3:18  Assimilator  
  38  3:20  Assimilator  
  38  3:24  Probe  
  38  3:26  Probe  
  40  3:31  Pylon  
  40  3:36  Phoenix  
  40  3:38  Probe x2 (Chrono Boost)  
  45  3:50  Robotics Facility  
  45  3:51  Probe (Chrono Boost)  
  45  3:53  Probe (Chrono Boost)  
  46  3:57  Probe (Chrono Boost)  
  46  4:00  Probe  
  46  4:01  Phoenix  
  50  4:08  Pylon  
  50  4:12  Probe  
  50  4:16  Probe  
  52  4:24  Nexus  
  52  4:26  Probe  
  53  4:33  Sentry, Nexus  
  53  4:35  Shield Battery  
  55  4:41  Immortal (Chrono Boost)  
  59  4:51  Robotics Bay  
  59  4:52  Probe x2  
  61  4:57  Pylon  
  61  5:05  Probe  
  62  5:10  Pylon  
  62  5:14  Forge  
  62  5:15  Phoenix  
  62  5:17  Observer (Chrono Boost)  
  62  5:19  Probe x2  
  67  5:25  Pylon  
  67  5:29  Observer (Chrono Boost)  
  67  5:30  Shield Battery, Adept  
  67  5:31  Probe  
  71  5:42  Colossus (Chrono Boost)  
  77  5:53  Stalker  
  77  5:56  Phoenix  
  81  5:58  Probe x3  
  83  6:05  Gateway  
  83  6:07  Gateway  
  83  6:09  Protoss Ground Weapons Level 1  
  83  6:10  Probe  
  84  6:12  Probe  
  84  6:17  Sentry  
  84  6:18  Probe  
  82  6:27  Probe x2  
  82  6:28  Colossus (Chrono Boost)  
  82  6:30  Probe  
  82  6:32  Extended Thermal Lance (Chrono Boost)  
  90  6:35  Assimilator  
  90  6:38  Assimilator  
  90  6:39  Probe x2  
  92  6:40  Pylon, Observer  
  92  6:46  Probe  
  93  6:51  Observer, Probe  
  93  6:53  Adept  
  96  6:56  Pylon  
  96  6:57  Pylon, Probe, Gateway  
  96  6:58  Probe  
  98  7:03  Probe  
  98  7:07  Pylon  
  99  7:11  Fleet Beacon  
  99  7:12  Stargate  
  99  7:18  Colossus (Chrono Boost)  
  105  7:23  Phoenix  
  105  7:27  Pylon  
  105  7:28  Protoss Air Weapons Level 1, Probe x2  
  109  7:37  Stalker x2  
  111  7:38  Zealot  
  111  7:40  Shield Battery  
  112  8:07  Zealot x2, Adept  
  112  8:08  Adept  
  126  8:16  Carrier (Chrono Boost)  
  126  8:17  Carrier (Chrono Boost)  
  130  8:23  Assimilator  
  130  8:30  Colossus (Chrono Boost), Adept x3  
  130  8:32  Probe  
  130  8:33  Probe x2  
  126  8:38  Pylon  
  126  8:45  Probe  
  124  8:50  Probe x2  
  126  8:57  Probe  
  127  9:06  Pylon x2, Carrier x2 (Chrono Boost)  
  139  9:18  Anion Pulse-Crystals  
  139  9:22  Pylon  
  139  9:24  Nexus  
  139  9:30  Probe x2  
  141  9:40  Twilight Council  
  141  9:51  Immortal  
  145  9:52  Pylon  
  145  9:53  Probe x2  
  147  10:06  Zealot x3  
  151  10:11  Carrier (Chrono Boost)  
  151  10:15  Carrier (Chrono Boost)  
  163  10:22  Probe  
  163  10:23  Probe  
  163  10:27  Pylon  
  165  10:30  Observer  
  165  10:31  Sentry  
  165  10:35  Probe  
  169  10:37  Probe x2  
  169  10:39  Probe  
  172  10:49  Probe x2  
  174  11:04  Zealot x2  
  133  11:21  Zealot x2  
  149  11:30  Stalker x2  
Show
View Real Time Build Order
Export as new Build Order

HeroMarine Terran - Winner!

Build Orders: Reaper Expand 

Get SALT Encoding   

  12  0:00  SCV  
  13  0:12  SCV  
  14  0:17  Supply Depot  
  14  0:24  SCV  
  15  0:39  SCV  
  15  0:41  Barracks  
  16  0:44  Refinery  
  16  0:51  SCV  
  17  1:03  SCV  
  18  1:15  SCV  
  19  1:30  Orbital Command, Reaper  
  20  1:43  Command Center  
  20  1:53  Supply Depot  
  20  1:55  SCV  
  21  2:02  Marine  
  21  2:08  SCV  
  23  2:11  Factory  
  22  2:20  SCV, Refinery  
  23  2:24  Barracks Reactor  
  23  2:32  SCV  
  24  2:38  Barracks  
  25  2:44  SCV  
  25  2:55  Orbital Command  
  25  2:56  SCV  
  26  3:08  SCV  
  26  3:10  Cyclone  
  26  3:11  Barracks Tech Lab  
  29  3:13  Cyclone  
  31  3:20  SCV x2  
  33  3:29  Stimpack, Marine  
  33  3:32  SCV x2  
  36  3:36  Supply Depot  
  36  3:44  SCV x2  
  36  3:47  Marine  
  39  3:49  Marine x2  
  39  3:51  Starport  
  41  3:56  SCV  
  41  3:57  SCV  
  41  3:58  Factory Reactor  
  43  4:04  Marine  
  43  4:07  Supply Depot, Marine x2  
  43  4:09  SCV x2  
  48  4:21  SCV x2  
  48  4:22  Marine  
  48  4:23  Supply Depot  
  51  4:24  Marine  
  51  4:25  Marine  
  52  4:33  SCV x2  
  52  4:37  Medivac x2  
  58  4:40  Engineering Bay, Marine  
  58  4:42  Marine  
  58  4:43  Cyclone  
  58  4:45  Marine  
  63  4:47  SCV x2  
  63  4:48  Supply Depot  
  63  4:50  Refinery  
  65  4:58  Marine  
  65  4:59  SCV x2  
  68  5:00  Marine  
  68  5:01  Barracks  
  68  5:02  Marine  
  70  5:08  Terran Infantry Weapons Level 1  
  70  5:09  Missile Turret  
  70  5:12  SCV x2  
  72  5:15  Combat Shield  
  72  5:16  Marine  
  72  5:17  Starport Reactor  
  72  5:19  Factory Tech Lab  
  72  5:20  Marine x2  
  75  5:31  Supply Depot  
  75  5:34  Marine  
  76  5:36  Command Center  
  76  5:38  Marine  
  76  5:40  SCV  
  78  5:49  SCV  
  76  5:50  Marine  
  76  5:51  Marine  
  76  5:52  SCV  
  76  5:53  Siege Tank  
  76  5:56  Refinery  
  79  5:59  Supply Depot  
  79  6:00  Medivac  
  79  6:01  Marine x3  
  85  6:08  Medivac, Supply Depot  
  86  6:16  Barracks x2  
  86  6:21  SCV x2  
  84  6:26  Marine x3  
  84  6:28  Siege Tank  
  84  6:29  Marine x2  
  91  6:40  Viking x2  
  91  6:42  SCV  
  91  6:43  SCV, Marine  
  91  6:44  Marine  
  97  6:47  Marine x2, Marauder  
  100  6:54  SCV  
  100  6:55  SCV  
  102  7:01  Marine  
  102  7:04  Barracks Tech Lab, Missile Turret  
  102  7:06  Siege Tank  
  108  7:10  Viking  
  108  7:11  Barracks Tech Lab, Viking  
  108  7:12  Marauder  
  108  7:13  Concussive Shells  
  112  7:16  Orbital Command  
  112  7:19  Terran Infantry Armor Level 1  
  112  7:21  Marine x3  
  115  7:23  Marine  
  116  7:30  Supply Depot  
  116  7:31  Supply Depot  
  116  7:32  Supply Depot  
  116  7:37  SCV  
  117  7:51  SCV x2, Siege Tank  
  117  7:52  Marauder, Viking x2  
  117  7:53  Marauder x2  
  117  7:56  Supply Depot  
  132  7:59  SCV  
  132  8:03  SCV x2  
  135  8:06  Marine  
  135  8:07  Marine x2  
  135  8:09  Marine  
  138  8:13  Marauder  
  138  8:14  SCV, Marauder x2  
  138  8:15  SCV  
  141  8:24  Marine  
  141  8:25  Marine  
  139  8:30  Marine x2  
  134  8:34  Marauder  
  134  8:35  Marauder x2  
  129  8:42  Marine  
  129  8:43  Marine  
  129  8:46  Refinery, Starport  
  129  8:47  Refinery  
  129  8:48  Marine x2  
  129  8:49  Ghost Academy  
  129  8:53  Factory Reactor  
  134  8:56  Medivac x2, Marine, Marauder  
  134  8:57  Marauder  
  134  8:59  SCV x2  
  134  9:00  SCV, Marine  
  134  9:01  Marine  
  144  9:06  Marine x2  
  146  9:10  Supply Depot  
  146  9:15  Command Center  
  147  9:18  Marine  
  147  9:22  Missile Turret  
  150  9:24  Ghost  
  150  9:26  Ghost x2  
  81  9:31  Viking x2  
  153  9:36  Viking  
  153  9:37  Viking  
  161  9:42  Supply Depot  
  161  9:43  Supply Depot x2  
  161  9:44  SCV x3  
  162  9:53  Ghost  
  164  10:00  Supply Depot  
  164  10:01  Supply Depot, Ghost  
  164  10:03  Ghost  
  164  10:04  Viking  
  169  10:08  Viking  
  171  10:14  Marine x2, Viking  
  171  10:15  Marine x2  
  171  10:17  Viking  
  179  10:23  Armory  
  179  10:24  Engineering Bay  
  179  10:31  Marauder x2  
  179  10:33  Marauder  
  185  10:36  SCV  
  185  10:37  SCV x2  
  185  10:39  Missile Turret  
  185  10:42  Medivac x2  
  192  10:49  Marine x4  
  196  10:51  Ghost  
  198  11:00  Marauder  
  172  11:12  Marauder  
  172  11:15  Viking x2  
  166  11:21  Marauder  
  166  11:24  Barracks  
  166  11:25  Barracks  
  172  11:26  Marine x2  
  172  11:27  Barracks  
  172  11:28  SCV  
Tags
 
Add a new tag
Caveats
  • Supply blocks, unpowered buildings, or Contaminate may cause inaccurate times.
  • Supply counts are checked every 10 seconds.